 Dungeon Crawl Stone Soup version 0.29-a0-541-gaf1fc19f1b (webtiles) character file.

Game seed: 5345649996400456825

233 Gargoyl the Skirmisher (level 6, 0/38 HPs)
             Began as a Gargoyle Berserker on June 2, 2022.
             Was a Believer of Trog.
             Slain by an orc wizard
             ... wielding a +0 dagger
              (4 damage)
             ... on level 3 of the Dungeon.
             The game lasted 00:04:02 (2757 turns).

Gargoyl the Skirmisher (Gargoyle Berserker)         Turns: 2757, Time: 00:04:03

Health: 0/38       AC: 10    Str: 20    XL:     6   Next: 5%
Magic:  6/6        EV: 11    Int:  8    God:    Trog [**....]
Gold:   277        SH:  0    Dex: 11    Spells: 5/5 levels left

rFire   . . .      SeeInvis .   c - +0 spear (vamp)
rCold   . . .      Faith    .   (no shield)
rNeg    + . .      Spirit   .   g - +0 ring mail
rPois   ∞          Reflect  .   (no helmet)
rElec   +          Harm     .   (no cloak)
rCorr   .          Rampage  .   (no gloves)
Will    ++...                   (no boots)
Stlth   +.........              (no amulet)
HPRegen 1.12/turn               (no ring)
MPRegen 0.10/turn               (no ring)

@: strong-willed, on berserk cooldown, regenerating, slowed, very slow
A: sickness immunity, AC +4, negative energy resistance 1, electricity
resistance, torment resistance 1, petrification resistance
a: Renounce Religion, Berserk, Trog's Hand


You were on level 3 of the Dungeon.
You worshipped Trog.
Trog was pleased with you.
You visited 1 branch of the dungeon, and saw 4 of its levels.

You collected 277 gold pieces.

Inventory:

Hand Weapons
 c - a +0 vampiric spear (weapon)
 n - a +0 war axe
Missiles
 e - 4 poisoned darts (quivered)
 f - 6 curare-tipped darts
Armour
 g - a +0 ring mail (worn)
Wands
 k - a wand of flame (13)
Scrolls
 b - a scroll of blinking {unknown}
 h - a scroll of poison
 j - a scroll of immolation {unknown}
Potions
 a - a potion of curing
 d - 3 potions of might
 i - a potion of heal wounds
 l - a potion of mutation {unknown}
 o - a potion of cancellation {unknown}


   Skills:
 + Level 4.1 Fighting
 + Level 3.5(4.1) Axes
 + Level 2.9(3.8) Polearms
 + Level 2.8 Armour
 + Level 2.3 Dodging
 + Level 1.1 Stealth


You had 5 spell levels left.
You didn't know any spells.
Your spell library was empty.

Dungeon Overview and Level Annotations

Branches:
Dungeon (4/15)
 Temple: D:4-7

Altars:
Dithmenos
Okawaru
Qazlal
Ru


Innate Abilities, Weirdness & Mutations

You are immune to sickness and miasma.
Your stone body is resilient. (AC +4)
You are immune to poison.
You resist negative energy. (rN+)
You are resistant to electric shocks. (rElec)
You are resistant to unholy torment.
You are immune to petrification.


Message History

The orc barely misses you.
You closely miss the orc.
The orc is moderately wounded.
You barely miss the orc.
The orc is moderately wounded.
The orc hits you but does no damage.
You hit the orc.
You feel better.
You kill the orc!
Trog accepts your kill.
You puncture the orc priest!
The orc priest is severely wounded.
You hit the orc priest but do no damage.
The orc priest is severely wounded.
The orc priest hits you with a +0 short sword.
* * * LOW HITPOINT WARNING * * *
You puncture the orc priest!
You feel better.
You kill the orc priest!
Trog accepts your kill.
You have reached level 6!
You completely miss the orc.
You are too berserk!
Unknown command.
You closely miss the orc. The orc hits you but does no damage.
You puncture the orc!
You feel better.
You kill the orc!
Trog accepts your kill.
You are no longer berserk.
You are exhausted.
You feel yourself slow down.
You hear some strange, mumbled words.
A magic dart appears from out of thin air!
The magic dart hits you.
* * * LOW HITPOINT WARNING * * *
Items here: ! ( ))))))) [[[[ †††.
Your skin crawls.
You feel strong-willed. Something hits you.
* * * LOW HITPOINT WARNING * * *
Something hits you.
You die...

##### .... . # ...
..#. .. #....#.
#...################
#.{@.....#........#
##.#####..........#
#. ###........# #.
#........# #.
#........# #.
#####.###### ..
..##...).# #.
#.......## ##.####.#


There were no monsters in sight!

Vanquished Creatures
  Blork the orc (D:4)
  2 orc priests (D:3)
  3 adders
  A worm (D:3)
  2 dart slugs
  7 orcs
  5 ball pythons
  3 endoplasms
  2 giant cockroaches
  5 goblins
  8 hobgoblins
  5 quokkas
  8 bats
  2 frilled lizards
  6 kobolds
  5 rats
65 creatures vanquished.

Notes
Turn   | Place    | Note
-------+----------+-------------------------------------------
     0 | D:1      | Gargoyl the Gargoyle Berserker began the quest for the Orb.
     0 | D:1      | Reached XP level 1. HP: 14/14 MP: 1/1
   170 | D:1      | Found a faded altar of an unknown god.
   360 | D:1      | Reached XP level 2. HP: 19/19 MP: 2/2
  1631 | D:2      | Reached XP level 3. HP: 24/24 MP: 3/3
  1755 | D:2      | Found an iron altar of Okawaru.
  1769 | D:2      | Reached ** piety under Trog
  1841 | D:2      | You fall into a shaft and drop 2 floors!
  1883 | D:4      | Found a stormy altar of Qazlal.
  1929 | D:4      | Found a sacrificial altar of Ru.
  2000 | D:4      | Found a shadowy altar of Dithmenos.
  2027 | D:4      | Noticed Blork the orc
  2045 | D:4      | Killed Blork the orc
  2046 | D:4      | Reached skill level 4 in Fighting
  2046 | D:4      | Reached skill level 1 in Polearms
  2046 | D:4      | Reached XP level 4. HP: 26/29 MP: 4/4
  2053 | D:4      | Reached XP level 5. HP: 33/33 MP: 5/5
  2060 | D:4      | Reached skill level 1 in Stealth
  2753 | D:3      | Reached XP level 6. HP: 9/38 MP: 6/6
  2757 | D:3      | Slain by an orc wizard

Illustrated notes

Levels and vault maps discovered:
D:1:      dpeg_arrival_round_a, layout_basic, serial_co_window_serial,
          co_window_corner_a, co_window_corner_a, co_window_corner_a,
          co_window_of_opportunity_a, co_window_corner_a, co_window_broadway_c,
          co_window_of_opportunity_b, co_window_broadway_a,
          co_window_of_opportunity_b, co_window_unsneaky_path_e,
          co_window_4corner_a, co_window_paths_d, glass_columns_a,
          glass_columns_a, glass_columns_a, glass_columns_a, glass_columns_c,
          chequers_ecumenical_altar_twisty, st_stairs_4
D:2:      minmay_spotlight, layout_basic, basic_altar
D:3:      layout_rooms, serial_shops, nicolae_lakefront_shop,
          gup_sewer_entry_glass, grunt_ministairs_8
D:4:      layout_rooms, lemuel_coloured_pillars_altar,
          nicolae_dithmenos_shadow_blocks, amcnicky_altar_gilded,
          uniq_blork_the_orc

Skill      XL: |  1  2  3  4  5 |
---------------+----------------+-----
Axes           | 3 |  3.5
Fighting       | 4 |  4.1
Polearms       | 1 2 |  2.9
Dodging        | 2 |  2.3
Stealth        | 1 |  1.1
Armour         | |  2.8

Action                   |  1- 3 |  4- 6 || total
-------------------------+-------+-------++-------
Melee: Hand axe          |    41 |       ||    41
       Spear             |    51 |   135 ||   186
       Punch             |     1 |       ||     1
Throw: Dart              |     2 |       ||     2
Invok: Trog's Hand       |       |     2 ||     2
       Berserk           |       |     1 ||     1
  Use: Scroll            |     2 |     5 ||     7
 Stab: Sleeping          |     1 |       ||     1
Armor: Animal skin       |    34 |       ||    34
       Ring mail         |    11 |    73 ||    84
Dodge: Dodged            |    85 |    65 ||   150

Table legend: (Time is in decaauts)
 A = Elapsed time spent in this place.
 B = Non-inter-level travel time spent in this place.
 C = Inter-level travel time spent in this place.
 D = Time resting spent in this place.
 E = Time spent auto-exploring this place.
 F = Levels seen in this place.
 G = Mean time per level.
                   A        B        C        D        E       F      G
               +--------+--------+--------+--------+--------+-----+--------+
         Total |   2748 |   2703 |     45 |      0 |   1992 |   4 |  687.0 |
       Dungeon |   2748 |   2703 |     45 |      0 |   1992 |   4 |  687.0 |
               +--------+--------+--------+--------+--------+-----+--------+

Top non-repeatable levels by time:
     D:1: 1564 daAuts
     D:2: 700 daAuts
     D:4: 269 daAuts
     D:3: 214 daAuts
